 Dungeon Crawl Stone Soup version 0.29.1-15-g9cfb28693d (webtiles) character file.

Game seed: 13082032723247536824

1269 Peloso the Carver (level 8, 0/70 HPs)
             Began as a Minotaur Fighter on Feb 25, 2023.
             Succumbed to a water moccasin's poison
             ... on level 6 of the Dungeon.
             The game lasted 00:13:52 (6881 turns).

Peloso the Carver (Minotaur Fighter)                Turns: 6881, Time: 00:13:53

Health: 0/70       AC: 10    Str: 21    XL:     8   Next: 28%
Magic:  7/7        EV:  8    Int:  5    God:
Gold:   407        SH:  5    Dex: 12    Spells: 7/7 levels left

rFire   . . .      SeeInvis .   a - +1 scimitar (holy)
rCold   . . .      Faith    .   c - +0 buckler
rNeg    . . .      Spirit   .   h - +0 chain mail
rPois   .          Reflect  .   (helmet restricted)
rElec   .          Harm     .   (no cloak)
rCorr   .          Rampage  .   (no gloves)
Will    .....                   (no boots)
Stlth   ..........              (no amulet)
HPRegen 0.21/turn               (no ring)
MPRegen 0.10/turn               (no ring)

@: brilliant, lethally poisoned (0 -> -7), flying, invisible
A: horns 2, retaliatory headbutt
a: no special abilities


You were on level 6 of the Dungeon.
You visited 2 branches of the dungeon, and saw 7 of its levels.
You also visited: Ossuary.

You collected 656 gold pieces.
You spent 249 gold pieces at shops.

Inventory:

Hand Weapons
 a - a +1 scimitar of holy wrath (weapon)
 b - a +2 trident of flaming
Armour
 c - a +0 buckler (worn)
 h - a +0 chain mail (worn)
Wands
 v - a wand of roots (10)
Scrolls
 f - a scroll of butterflies
 g - 5 scrolls of enchant armour
 i - a scroll of acquirement
 j - a scroll of noise {unknown}
 k - 3 scrolls of blinking
 l - 2 scrolls of teleportation
 s - a scroll of fear {unknown}
 u - a scroll of enchant weapon {unknown}
Potions
 d - a potion of might
 e - 2 potions of haste
 m - a potion of mutation
 o - a potion of flight
 t - a potion of lignification {unknown}
 w - a potion of invisibility
 z - a potion of resistance {unknown}


   Skills:
 + Level 6.0 Fighting
 + Level 8.0 Long Blades
 + Level 6.9 Armour
 + Level 2.1 Dodging
 + Level 1.0 Stealth
 + Level 5.4 Shields


You had 7 spell levels left.
You didn't know any spells.
Your spell library contained the following spells:

 Spells                   Type           Power      Damage    Failure   Level
 Beastly Appendage        Tmut           0%         N/A       99%         1
 Ensorcelled Hibernation  Hex/Ice        0%         N/A       100%        2
 Wereblood                Tmut           0%         N/A       100%        2
 Call Canine Familiar     Summ           0%         N/A       100%        3
 Portal Projectile        Hex/Tloc       0%         N/A       100%        3
 Spider Form              Tmut/Pois      0%         N/A       100%        3
 Tukima's Dance           Hex            0%         N/A       100%        3
 Anguish                  Hex/Necr       0%         N/A       100%        4
 Leda's Liquefaction      Hex/Erth       0%         N/A       100%        4
 Blade Hands              Tmut           0%         N/A       100%        5
 Irradiate                Conj/Tmut      0%         3d11      100%        5
 Dragon Form              Tmut           0%         N/A       100%        7


Dungeon Overview and Level Annotations

Branches:
Dungeon (6/15)             Temple (1/1) D:6         Ossuary (visited)

Altars:
Cheibriados
Fedhas
Ru
Wu Jian
Zin

Shops:
D:3 *


Innate Abilities, Weirdness & Mutations

You have a pair of horns on your head.
You reflexively headbutt those who attack you in melee.


Message History

The water moccasin poisons you! The orc barely misses you.
The water moccasin bites you but does no damage.
You slash the water moccasin!
Your headbutt misses the water moccasin.
The water moccasin is heavily wounded.
You feel very sick. The water moccasin closely misses you.
The orc hits you but does no damage.
Unknown command.
You completely miss the water moccasin.
The water moccasin is heavily wounded.
You feel very sick. You block the water moccasin's attack.
The orc closely misses you.
The water moccasin bites you but does no damage.
Unknown command.
You hit the water moccasin.
Your headbutt misses the water moccasin.
The water moccasin is heavily wounded.
You feel very sick. The orc hits you but does no damage.
The water moccasin bites you.
* * * LOW HITPOINT WARNING * * *
Unknown command.
It was a potion of flight.
You feel very buoyant.
You fly up into the air.
* * * LOW HITPOINT WARNING * * *
You feel very sick. The water moccasin barely misses you.
The orc hits you from afar with a +0 trident.
* * * LOW HITPOINT WARNING * * *
It was a potion of invisibility.
You fade into invisibility!
* * * LOW HITPOINT WARNING * * *
You feel sick.
The water moccasin bites you but does no damage.
The orc hits you from afar with a +0 trident.
* * * LOW HITPOINT WARNING * * *
The water moccasin bites you but does no damage.
It was a potion of brilliance.
You feel clever all of a sudden.
You die...

**** **,* *,,,***,,,*,* * *,.♣*
**,,,,,,**,** **,.♣♣* ***********
**,..* **♣.* * *******
####.#################** ,,,,,,*
##.....................,,
,,,,,,*##........................
,,,,,,,#.......S@................
,,,,,,,........†.................
,,,,,,,......:o..................
,,,**,*#......##.........##......
,,,**,*#.....#*#.....#.#..##..#**
,,,,,,*#....#*#..$.....##....#* *
,,***,*#...#* #........##....#
*,* *,*#...***#...###.##..#..#
*,* *,*:..,,,......*#....#[..##


You could see a water moccasin (unable to see you) and an orc (unable to see
you).

Vanquished Creatures
  Sigmund (D:5)
  Edmund (D:5)
  A water moccasin (D:5)
  2 ogres
  A necrophage (D:5)
  A howler monkey (D:4)
  2 centaur zombies (Ossuary)
  A human zombie (Ossuary)
  7 hounds
  3 iguanas
  An orc wizard (D:5)
  2 mummies (Ossuary)
  4 adders
  An ufetubus (D:5)
  3 worms
  3 dart slugs
  24 orcs
  6 bats
  9 endoplasms
  5 giant cockroaches
  6 goblins
  7 hobgoblins
  A jackal (D:4)
  5 quokkas
  6 ball pythons
  5 frilled lizards
  3 gnoll zombies (Ossuary)
  3 goblin zombies (Ossuary)
  A hobgoblin zombie (Ossuary)
  11 kobolds
  4 orc zombies (Ossuary)
  12 rats
142 creatures vanquished.

Vanquished Creatures (others)
  3 plants (D:1)
3 creatures vanquished.

Grand Total: 145 creatures vanquished

Notes
Turn   | Place    | Note
-------+----------+-------------------------------------------
     0 | D:1      | Peloso the Minotaur Fighter began the quest for the Orb.
     0 | D:1      | Reached XP level 1. HP: 19/19 MP: 0/0
   257 | D:1      | Reached XP level 2. HP: 27/27 MP: 1/1
   679 | D:1      | Reached XP level 3. HP: 33/33 MP: 2/2
   732 | D:1      | Reached skill level 3 in Long Blades
  1200 | D:1      | Identified a scroll of acquirement
  2318 | D:2      | Found a faded altar of an unknown god.
  2853 | D:3      | You fall into a shaft and drop 2 floors!
  2853 | D:5      | Entered Level 5 of the Dungeon
  2873 | D:5      | Reached XP level 4. HP: 31/40 MP: 3/3
  2876 | D:5      | Reached skill level 1 in Dodging
  2982 | D:5      | Noticed a water moccasin
  2997 | D:5      | Killed a water moccasin
  2997 | D:5      | HP: 1/40 [poisoned by a water moccasin]
  2998 | D:5      | Reached skill level 4 in Long Blades
  2998 | D:5      | Reached skill level 5 in Armour
  2998 | D:5      | Reached XP level 5. HP: 1/47 MP: 4/4
  3694 | D:5      | Reached XP level 6. HP: 23/53 MP: 5/5
  3913 | D:5      | Reached skill level 5 in Long Blades
  4769 | D:3      | Found Jedoa's Assorted Antiques.
  4777 | D:3      | Bought a runed scimitar for 196 gold pieces
  4896 | D:3      | Bought a dark potion for 25 gold pieces
  4896 | D:3      | Bought a scroll labelled DIWIESTRO CECK for 28 gold pieces
  5377 | D:4      | Reached XP level 7. HP: 60/60 MP: 6/6
  5516 | D:4      | Reached skill level 6 in Long Blades
  5895 | D:5      | Noticed Sigmund
  5896 | D:5      | Reached skill level 5 in Fighting
  5909 | D:5      | Noticed Edmund
  5926 | D:5      | Killed Edmund
  5927 | D:5      | Reached skill level 7 in Long Blades
  5927 | D:5      | Reached skill level 1 in Stealth
  5928 | D:5      | Killed Sigmund
  6430 | D:6      | Found a blossoming altar of Fedhas.
  6444 | D:6      | Found a snail-covered altar of Cheibriados.
  6445 | D:6      | Found an ornate altar of the Wu Jian Council.
  6445 | D:6      | Found a glowing silver altar of Zin.
  6447 | D:6      | Found a sacrificial altar of Ru.
  6454 | D:6      | Reached XP level 8. HP: 57/69 MP: 7/7
  6473 | D:6      | Found a staircase to the Ecumenical Temple.
  6483 | Temple   | Entered the Ecumenical Temple
  6509 | D:6      | Found a sand-covered staircase.
  6516 | Ossuary  | Entered an ossuary
  6667 | Ossuary  | Reached skill level 5 in Shields
  6868 | D:6      | Reached skill level 8 in Long Blades
  6880 | D:6      | HP: 3/70 [poisoned by a water moccasin]
  6881 | D:6      | Succumbed to a water moccasin's poison

Illustrated notes

Levels and vault maps discovered:
D:1:      psy_arrival_basics, layout_basic, serial_forest,
          infiniplex_forest_corner_1, infiniplex_forest_clump_small,
          infiniplex_forest_clump_double, infiniplex_forest_lined_room_,
          infiniplex_forest_end_3, infiniplex_forest_end_2,
          infiniplex_forest_corner_1, kennysheep_small_spiral,
          minmay_pentomino_x2
D:2:      layout_basic, serial_bayou, serial_bayou_pond_a, serial_bayou_pond_a,
          serial_bayou_lagoon_b, serial_bayou_lake_a,
          ebering_ecumenical_altar_mist, minmay_rat_gold_closets
D:3:      layout_rooms, serial_shops, nicolae_shop_behind_doors, corexii_shack,
          amcnicky_mini_rare_corridor_liquid
D:4:      layout_cave_pods, minivault_24, minmay_fractal_squares_gapless_5
D:5:      layout_loops_ring, sigmund_edmund_badplayer
D:6:      kb_forest_paths, layout_layer_cave, grunt_temple_overflow_open,
          lemuel_zombie_altar_yredelemnul, nicolae_ossuary_entry_ruins,
          minivault_24, minmay_manual_monolith
Temple:   minmay_temple_forest_path

Skill      XL: |  1  2  3  4  5  6  7  8 |
---------------+-------------------------+-----
Armour         | 4 5 6 |  6.9
Fighting       | 4 5 6 |  6.0
Long Blades    | 3 4 5 7 8 |  8.0
Shields        | 4 5 |  5.4
Dodging        | 1 2 |  2.1
Stealth        | 1 |  1.0

Action                   |  1- 3 |  4- 6 |  7- 9 || total
-------------------------+-------+-------+-------++-------
Melee: Long sword        |   116 |   131 |       ||   247
       Headbutt          |    12 |    35 |    20 ||    67
       Scimitar          |       |    42 |    90 ||   132
  Use: Scroll            |     6 |     1 |     5 ||    12
       Potion            |       |     2 |     4 ||     6
Armor: Scale mail        |    62 |    40 |       ||   102
       Chain mail        |       |    46 |    50 ||    96
Dodge: Dodged            |    57 |    65 |    41 ||   163
Block: Buckler           |    21 |    30 |    28 ||    79
